 Dungeon Crawl Stone Soup version 0.25.1-2-g60ff931df9 (webtiles) character file.

Game seed: 2424663057930377517

39 diana the Slasher (level 3, 0/28 HPs)
             Began as a Demonspawn Gladiator on Sept 13, 2020.
             Slain by a goblin (3 damage)
             ... led by Robin
             ... on level 2 of the Dungeon.
             The game lasted 00:02:52 (924 turns).

diana the Slasher (Demonspawn Gladiator)             Turns: 924, Time: 00:02:53

Health: 0/28       AC: 11    Str: 15    XL:     3   Next: 28%
Magic:  3/3        EV:  7    Int:  9    God:
Gold:   85         SH:  0    Dex: 14    Spells: 2/2 levels left

rFire    . . .     SeeInvis .   a - +0 long sword
rCold    . . .     Gourm    .   (no shield)
rNeg     . . .     Faith    .   e - +0 chain mail
rPois    .         Spirit   .   c - +0 helmet
rElec    .         Reflect  .   (no cloak)
rCorr    .         Harm     .   h - +0 pair of gloves
MR       .....                  (no boots)
Stlth    ..........             (no amulet)
HPRegen  0.09/turn              (no ring)
MPRegen  0.08/turn              (no ring)

@: no status effects
A: rugged brown scales 1
a: no special abilities


You were on level 2 of the Dungeon.
You were not hungry.

You visited 1 branch of the dungeon, and saw 2 of its levels.

You collected 85 gold pieces.

Inventory:

Hand Weapons
 a - a +0 long sword (weapon)
Missiles
 d - 3 throwing nets (quivered)
Armour
 b - a +0 leather armour
 c - a +0 helmet (worn)
 e - a +0 chain mail (worn)
 h - a +0 pair of gloves (worn)
Jewellery
 l - an uncursed ring of wizardry {unknown}
Scrolls
 i - 2 scrolls of fear {unknown}
 j - a scroll of remove curse {unknown}
 k - a scroll of identify {unknown}
 m - a scroll of immolation {unknown}
Comestibles
 f - 2 rations
 g - 2 chunks of flesh


   Skills:
 + Level 2.6 Fighting
 + Level 3.2 Long Blades
 - Level 1.7 Throwing
 + Level 1.3 Armour
 - Level 2.6 Dodging


You had 2 spell levels left.
You didn't know any spells.
Your spell library was empty.

Dungeon Overview and Level Annotations

Branches:
Dungeon (2/15)

Altars:


Innate Abilities, Weirdness & Mutations

You are partially covered in rugged brown scales. (AC +1, +3% HP)


Message History

You riposte.
You barely miss the goblin. You closely miss the goblin.
The goblin hits you but does no damage. The hobgoblin hits you with a +0 club.
The goblin barely misses you. The goblin hits you but does no damage.
The goblin hits you.
* * * LOW HITPOINT WARNING * * *
The goblin hits you but does no damage.
Unknown command.
Your chain mail prevents you from hitting the goblin.
The goblin hits you but does no damage. The goblin hits you.
* * * LOW HITPOINT WARNING * * *
The hobgoblin barely misses you.
The goblin hits you but does no damage. x2
You hit the goblin.
You kill the goblin!
The goblin hits you.
* * * LOW HITPOINT WARNING * * *
The goblin closely misses you.
The hobgoblin hits you but does no damage.
The goblin barely misses you. The goblin hits you.
You die...

####+##
#.....#
####.....#
...#.....#
...>...+
#.....#+##..
#.
+.bggg$.....
#.##..@gg....#
#.###.###g...#
#.###.# .....
#.....# ....
#.....# ...
#.....# ..
#.....# .
##.#+####
#.###.......#


You could see a hobgoblin (strong), 5 goblins and a bat.

Vanquished Creatures
  Robin (D:2)
  A dart slug (D:1)
  A leopard gecko (D:1)
  A giant cockroach (D:1)
  5 goblins
  3 hobgoblins (D:1)
  6 kobolds (D:1)
  4 bats (D:1)
  A frilled lizard (D:1)
  2 rats (D:1)
25 creatures vanquished.

Notes
Turn   | Place    | Note
-------+----------+-------------------------------------------
     0 | D:1      | diana the Demonspawn Gladiator began the quest for the Orb.
     0 | D:1      | Reached XP level 1. HP: 16/16 MP: 1/1
   297 | D:1      | Gained mutation: You are partially covered in rugged brown
                  | scales. (AC +1, +3% HP) [demonic ancestry]
   297 | D:1      | Reached XP level 2. HP: 16/22 MP: 2/2
   540 | D:1      | Reached skill level 3 in Long Blades
   615 | D:1      | Reached skill level 1 in Armour
   911 | D:2      | Noticed Robin
   917 | D:2      | Killed Robin
   917 | D:2      | Reached XP level 3. HP: 16/28 MP: 3/3
   924 | D:2      | Slain by a goblin

Illustrated notes

Levels and vault maps discovered:
D:1:      dpeg_arrival_castle, layout_basic
D:2:      layout_basic, minmay_liquid_box, uniq_robin, uniq_jessica,
          uniq_natasha

Skill      XL: |  1  2 |
---------------+-------+-----
Long Blades    | 3 |  3.2
Armour         | 1 |  1.3
Fighting       | |  2.6
Throwing       | |  1.7
Dodging        | |  2.6

Action                   || total
-------------------------++-------
Melee: Long sword        ||    78
Armor: Chain mail        ||    88
Dodge: Dodged            ||    51
       Rpst.: Long sword ||    15
